 Dungeon Crawl Stone Soup version 0.28-b1-25-g9875b3fc8c (webtiles) character file.

Game seed: 12743404904897316081

1756 sanka the Nimble (level 9, 0/52 (59) HPs)
             Began as a Tengu Enchanter on Feb 5, 2022.
             Slain by a wight (7 damage)
             ... on level 7 of the Dungeon.
             The game lasted 00:10:10 (7144 turns).

sanka the Nimble (Tengu Enchanter)                  Turns: 7144, Time: 00:10:11

HP:   0/52 (59)     AC: 10    Str:  8    XL:     9   Next: 6%
MP:   13/13         EV: 18    Int: 20    God:
Gold: 364           SH:  0    Dex: 15    Spells: 12/12 levels left

rFire   . . .      SeeInvis .   b - +2 long sword (elec)
rCold   . . .      Faith    .   (no shield)
rNeg    . . .      Spirit   .   v - +3 leather armour
rPois   .          Reflect  .   (helmet restricted)
rElec   .          Harm     .   j - +2 cloak
rCorr   .          Rampage  .   g - +0 pair of gloves
Will    .....                   (boots unavailable)
Stlth   ++........              (no amulet)
HPRegen 0.17/turn               (no ring)
MPRegen 0.13/turn               (no ring)

@: flying quickly and evasively, heavily drained, quick
A: beak, talons 3, nimble flight
a: no special abilities


You were on level 7 of the Dungeon.
You visited 1 branch of the dungeon, and saw 7 of its levels.
You also visited: Ossuary.

You collected 364 gold pieces.

Inventory:

Hand Weapons
 a - a +0 dagger of venom
 b - a +2 long sword of electrocution (weapon)
 I - a +2 hand axe of flaming
 J - a +2 dagger of pain
Missiles
 n - a throwing net (quivered)
Armour
 g - a +0 pair of gloves (worn)
 j - a +2 cloak (worn)
 v - a +3 leather armour (worn)
Jewellery
 m - a ring of fire
Wands
 u - a wand of iceblast (8)
 A - a wand of digging (5)
Scrolls
 d - a scroll of blinking {unknown}
 e - 3 scrolls of amnesia {unknown}
 f - a scroll of fear {unknown}
 h - 2 scrolls of teleportation {unknown}
 i - a scroll of magic mapping {unknown}
 k - 2 scrolls of noise {unknown}
 l - 2 scrolls of silence {unknown}
 p - 6 scrolls of fog {unknown}
 r - a scroll of enchant weapon {unknown}
 t - 4 scrolls of identify {unknown}
 w - 2 scrolls of brand weapon {unknown}
 x - a scroll of immolation {unknown}
 y - a scroll of torment {unknown}
Potions
 c - 2 potions of invisibility
 o - 2 potions of flight {unknown}
 q - a potion of heal wounds
 s - a potion of brilliance {unknown}
 z - a potion of berserk rage {unknown}
 B - 2 potions of haste {unknown}
 C - a potion of cancellation
 D - 3 potions of curing
 E - 2 potions of mutation {unknown}
 F - 3 potions of degeneration {unknown}
 G - 2 potions of magic {unknown}
 H - a potion of might {unknown}


   Skills:
 - Level 8.0 Fighting
 - Level 1.1 Short Blades
 + Level 9.0 Dodging
 - Level 3.0 Stealth
 - Level 2.0 Spellcasting
 - Level 2.1 Hexes


You had 12 spell levels left.
You didn't know any spells.
Your spell library contained the following spells:

 Spells                   Type           Power      Damage    Failure   Level
 Freeze                   Ice            8%         1d3       22%         1
 Ensorcelled Hibernation  Hex/Ice        12%        N/A       22%         2
 Confusing Touch          Hex            10%        N/A       28%         3
 Tukima's Dance           Hex            10%        N/A       28%         3
 Dazzling Flash           Conj/Hex       12%        N/A       41%         3
 Frozen Ramparts          Ice            4%         1d2       56%         3
 Hailstorm                Conj/Ice       2%         3d3       92%         4


Dungeon Overview and Level Annotations

Branches:
Dungeon (7/15)            Ossuary (visited)
 Temple: D:4-7

Altars:
Dithmenos
Elyvilon
Hepliaklqana
Trog

Shops:
D:4 *


Innate Abilities, Weirdness & Mutations

You have a beak for a mouth.
You have claws for feet.
Your magical nature lets you fly swiftly and evasively.


Message History

A wight is nearby!
A wight is nearby!
A wight comes into view. It is wielding a +5 falchion.
Found a quarterstaff.
You barely miss the wight. The wight hits you with a +5 falchion.
You feel drained.
You hit the wight but do no damage. Lightning courses through the wight!
You claw the wight. You peck the wight, but do no damage.
The wight is heavily damaged.
The wight hits you with a +5 falchion. The wight hits you but does no damage.
The wight barely misses you.
You hit the wight. You claw the wight, but do no damage.
Your peck misses the wight.
The wight is heavily damaged.
The wight closely misses you. The wight hits you with a +5 falchion.
The wight hits you from afar with a +4 spear.
You hit the wight. You peck the wight. Your punch misses the wight.
The wight is almost destroyed.
The wight misses you. The wight closely misses you.
The wight hits you with a +5 falchion.
You feel drained.
You hit the wight but do no damage.
The wight is almost destroyed.
The wight barely misses you. The wight hits you with a +5 falchion!
You feel drained.
You hit the wight but do no damage.
The wight is almost destroyed.
The wight hits you from afar with a +4 spear.
You feel drained. The wight closely misses you.
The wight hits you from afar with a +4 spear.
You are too injured to fight recklessly!
You are too injured to fight recklessly!
You are too injured to fight recklessly!
You hit the wight but do no damage.
The wight is almost destroyed.
The wight hits you with a +5 falchion!
You feel drained.
* * * LOW HITPOINT WARNING * * *
The wight hits you from afar with a +4 spear!
* * * LOW HITPOINT WARNING * * *
The wight hits you with a +5 falchion!
You die...

#............#
#..........#
#.....<..#
#.....)###
#......########
#.............#
#.............#
###..##....z..###.
#....##...@.......
#....##.......####
#....##.....z.#
#....##.......#
#....###.######
#....# )..
###.###.#. .# #. .
..


You could see 2 wights.

Vanquished Creatures
  A manticore (D:6)
  Eustachio (D:6)
  A black bear (D:6)
  2 ogres
  A phantom (D:6)
  4 water moccasin zombies (Ossuary)
  2 scorpions
  A howler monkey (D:6)
  3 hounds
  A jelly (D:6)
  A bullfrog skeleton (D:6)
  A gnoll shaman (D:4)
  An orc priest (D:7)
  Terence (D:2)
  4 orc wizards
  2 mummies (Ossuary)
  5 gnolls (D:4)
  3 adders
  3 adder zombies (Ossuary)
  A worm (D:4)
  5 dart slugs
  14 orcs
  5 bats
  2 endoplasms
  3 giant cockroaches
  5 gnoll zombies
  3 goblins
  10 hobgoblins
  2 quokkas
  4 ball pythons
  3 frilled lizards
  3 hobgoblin zombies (Ossuary)
  6 kobolds
  3 kobold zombies (Ossuary)
  7 orc zombies (Ossuary)
  4 rats
118 creatures vanquished.

Notes
Turn   | Place    | Note
-------+----------+-------------------------------------------
     0 | D:1      | sanka the Tengu Enchanter began the quest for the Orb.
     0 | D:1      | Reached XP level 1. HP: 10/10 MP: 4/4
   116 | D:1      | Found a faded altar of an unknown god.
   232 | D:1      | Reached skill level 1 in Fighting
   232 | D:1      | Reached XP level 2. HP: 5/16 MP: 6/6
  1038 | D:1      | Reached skill level 3 in Dodging
  1162 | D:2      | Noticed Terence
  1172 | D:2      | Killed Terence
  1173 | D:2      | Reached XP level 3. HP: 13/21 MP: 7/7
  2295 | D:3      | Reached XP level 4. HP: 27/27 MP: 8/8
  2334 | D:3      | Found a shadowy altar of Dithmenos.
  2732 | D:3      | Reached skill level 4 in Dodging
  2776 | D:3      | Gained mutation: Your magical nature lets you fly swiftly
                  | and evasively. [Tengu growth]
  2776 | D:3      | Reached XP level 5. HP: 10/32 MP: 9/9
  3535 | D:4      | Found a hazy altar of Hepliaklqana.
  3538 | D:4      | Found a bloodstained altar of Trog.
  3607 | D:4      | Reached XP level 6. HP: 29/38 MP: 10/10
  3612 | D:4      | Reached skill level 5 in Dodging
  3757 | D:4      | Found Siepuem's General Store.
  3880 | D:4      | Found a white marble altar of Elyvilon.
  4223 | D:5      | Entered Level 5 of the Dungeon
  5469 | D:6      | Reached XP level 7. HP: 39/44 MP: 11/11
  5564 | D:6      | Reached skill level 5 in Fighting
  5564 | D:6      | Reached skill level 6 in Dodging
  5648 | D:6      | Identified the +1 ring mail "Vuabluclo" {rPois rN+ Dex+2}
  5648 | D:6      | Noticed a manticore
  5652 | D:6      | Found a sand-covered staircase.
  5666 | D:6      | HP: 1/44 [manticore (3)]
  5670 | D:6      | Killed a manticore
  5671 | D:6      | Reached skill level 7 in Dodging
  5671 | D:6      | Reached XP level 8. HP: 15/51 MP: 12/12
  5679 | Ossuary  | Entered an ossuary
  6108 | Ossuary  | Reached skill level 8 in Dodging
  6402 | D:6      | Noticed Eustachio
  6420 | D:6      | Killed Eustachio
  6792 | D:5      | Reached XP level 9. HP: 27/59 MP: 13/13
  7120 | D:7      | Reached skill level 9 in Dodging
  7144 | D:7      | Slain by a wight

Illustrated notes

Levels and vault maps discovered:
D:1:      matt_arrival_spirals, layout_rooms,
          shapermc_ecumenical_altar_starsandcircs,
          corexii_item_surrounded_by_moat, hangedman_abyss_or_decor_stabs,
          minmay_octomino_e4
D:2:      layout_basic, uniq_terence
D:3:      layout_loops_corners, nicolae_dithmenos_through_a_glass_darkly,
          chequers_serial_rivers_micro_b
D:4:      layout_loops_ring, elyvilon_altar_1, nicolae_overflow_squiral,
          serial_shops, nicolae_lakefront_shop
D:5:      layout_basic
D:6:      layout_loops_ring, enter_ossuary_3, uniq_eustachio
D:7:      layout_rooms, kiku_gazebo_pond_becter, temple_doors_cd,
          gammafunk_ghost_nasty_kobolds, uniq_harold

Skill      XL: |  1  2  3  4  5  6  7  8  9 |
---------------+----------------------------+-----
Fighting       | 1 2 3 4 6 7 8 |  8.0
Dodging        | 3 4 5 7 8 9 |  9.0
Short Blades   | |  1.1
Stealth        | |  3.0
Spellcasting   | |  2.0
Hexes          | |  2.1

Action                   |  1- 3 |  4- 6 |  7- 9 || total
-------------------------+-------+-------+-------++-------
Melee: Dagger            |    81 |     5 |    47 ||   133
       Kick              |    22 |    40 |    75 ||   137
       Peck              |    13 |    19 |    36 ||    68
       Short sword       |     2 |   134 |   101 ||   237
       Punch             |       |     1 |     1 ||     2
       Long sword        |       |       |    43 ||    43
Evoke: Wand              |       |       |     3 ||     3
  Use: Potion            |       |     5 |     1 ||     6
 Stab: Sleeping          |    10 |     7 |     5 ||    22
       Distracted        |       |     1 |       ||     1
Armor: Robe              |    15 |     5 |       ||    20
       Leather armour    |       |    31 |    69 ||   100
Dodge: Dodged            |    50 |    96 |   238 ||   384
